 Dungeon Crawl Stone Soup version 0.31-a0-965-g8a8ce12e04 (webtiles) character file.

Game seed: 9712532722017073731

25 Moonkey the Conjurer (level 2, -3/16 HPs)
             Began as a Deep Elf Conjurer on Oct 27, 2023.
             Slain by a goblin
             ... wielding a +0 club
             ... led by Robin
              (5 damage)
             ... on level 2 of the Dungeon.
             The game lasted 00:02:22 (1012 turns).

Moonkey the Conjurer (Deep Elf Conjurer)            Turns: 1012, Time: 00:02:22

Health: -3/16      AC:  2    Str:  4    XL:     2   Next: 82%
Magic:  1/8        EV: 12    Int: 22    God:
Gold:   72         SH:  0    Dex: 13    Spells: 5/8 levels left

rFire   . . .        (no weapon)
rCold   . . .        (no shield)
rNeg    . . .        a - +0 robe
rPois   .            (no helmet)
rElec   .            (no cloak)
rCorr   .            (no gloves)
SInv    .            (no boots)
Will    .....        (no amulet)
Stlth   ++           (no ring)
HPRegen 0.22/turn    (no ring)
MPRegen 0.11/turn

%: no passive effects
@: no status effects
A: no striking features
a: no special abilities


You were on level 2 of the Dungeon.
You visited 1 branch of the dungeon, and saw 2 of its levels.

You collected 102 gold pieces.
You spent 30 gold pieces at shops.

Inventory:

Armour
 a - a +0 robe (worn)
Scrolls
 c - a scroll of enchant armour {unknown}
 g - a scroll of enchant weapon {unknown}
 h - a scroll of blinking {unknown}
 i - 2 scrolls of identify {unknown}
 k - a scroll of fog {unknown}
Potions
 b - a potion of magic
 d - a potion of attraction {unknown}
 e - a potion of berserk rage {unknown}
 f - a potion of invisibility {unknown}
 j - a potion of resistance {unknown}


   Skills:
 * Level 0.7 Fighting
 + Level 2.7 Dodging
 + Level 2.7 Stealth
 * Level 3.5 Spellcasting
 * Level 4.7 Conjurations


You had 5 spell levels left.
You knew the following spells:

 Your Spells              Type           Power      Damage    Failure   Level
a - Magic Dart            Conj           96%        1d7       1%          1
b - Searing Ray           Conj           48%        2d6       2%          2

Your spell library contained the following spells:

 Spells                   Type           Power      Damage    Failure   Level
 Summon Small Mammal      Summ           12%        N/A       12%         1
 Dazzling Flash           Conj/Hex       28%        N/A       14%         3
 Call Canine Familiar     Summ           3%         N/A       34%         3
 Summon Guardian Golem    Hex/Summ       3%         N/A       34%         3
 Fulminant Prism          Conj/Hex       7%         3d6       41%         4
 Iskenderun's Mystic Bla  Conj/Tloc      14%        2d5       41%         4


Dungeon Overview and Level Annotations

Branches:
Dungeon (2/15)

Altars:

Shops:
D:1 *(

Annotations:
D:2 Robin


Message History

Press: ? - help, Shift-Dir - straight line, f - Robin
Aim: Robin, wielding a +0 dagger, wearing a +0 animal skin, wearing a +0 helmet and carrying a wand of flame (100% to hit)
The magic dart hits Robin.
Robin is heavily wounded.
The goblin shouts!
A hobgoblin comes into view.
Robin roars a battlecry!
The goblins go into a battle-frenzy!
The hobgoblin shouts!
You hear a shout!
You hear an angry hiss.
Casting: Magic Dart (safe; 1% risk of failure)
Confirm with . or Enter, or press ? or * to list all spells.
Aiming: Magic Dart (safe; 1% risk of failure)
Press: ? - help, Shift-Dir - straight line, f/p - Robin
Aim: Robin, wielding a +0 dagger, wearing a +0 animal skin, wearing a +0 helmet and carrying a wand of flame (heavily wounded, 100% to hit)
The magic dart hits Robin.
Robin is severely wounded.
Robin throws the goblin at you!
Casting: Magic Dart (safe; 1% risk of failure)
Confirm with . or Enter, or press ? or * to list all spells.
Aiming: Magic Dart (safe; 1% risk of failure)
Press: ? - help, Shift-Dir - straight line, f/p - Robin
Aim: Robin, wielding a +0 dagger, wearing a +0 animal skin, wearing a +0 helmet and carrying a wand of flame (severely wounded, 100% to hit)
The magic dart hits Robin.
Robin is almost dead.
A hobgoblin comes into view.
Robin zaps a wand.
The puff of flame hits you. The goblin hits you with a +0 club.
* * * LOW HITPOINT WARNING * * *
A goblin comes into view. It is wielding a +0 club.
Casting: Magic Dart (safe; 1% risk of failure)
Confirm with . or Enter, or press ? or * to list all spells.
Aiming: Magic Dart (safe; 1% risk of failure)
Press: ? - help, Shift-Dir - straight line, f/p - Robin
Aim: Robin, wielding a +0 dagger, wearing a +0 animal skin, wearing a +0 helmet and carrying a wand of flame (almost dead, 100% to hit)
The magic dart hits Robin but does no damage.
Robin is almost dead.
Robin throws the goblin at you!
* * * LOW HITPOINT WARNING * * *
The goblin hits you with a +0 club.
You die... .gg

#g# ##)## .
...# .. #..#
#.###..##
#.......#
#....@g.#
#.####g.# #†.#
#..#####.#
######.........
.).....<.####.#
†######........
#.#####.# ..#


You could see Robin, 2 hobgoblins and 2 goblins.

Vanquished Creatures
  A dart slug (D:1)
  An endoplasm (D:1)
  2 giant cockroaches (D:1)
  6 goblins
  3 hobgoblins
  A jackal (D:1)
  A bat (D:1)
  3 frilled lizards
  3 rats (D:1)
21 creatures vanquished.

Notes
Turn   | Place    | Note
-------+----------+-------------------------------------------
     0 | D:1      | Moonkey the Deep Elf Conjurer began the quest for the Orb.
     0 | D:1      | Reached XP level 1. HP: 10/10 MP: 6/6
   385 | D:1      | Reached XP level 2. HP: 16/16 MP: 4/8
   467 | D:1      | Found Ryot's Antique Weapon Emporium.
   751 | D:1      | Found a faded altar of an unknown god.
   886 | D:1      | Found Veaheon's Assorted Antiques.
   891 | D:1      | Bought an orange potion for 14 gold pieces
   891 | D:1      | Bought a scroll labelled SOODIU JOSCHI for 16 gold pieces
   981 | D:2      | Learned a level 2 spell: Searing Ray
  1007 | D:2      | Noticed Robin
  1012 | D:2      | Slain by a goblin

Illustrated notes

Levels and vault maps discovered:
D:1:      roderic_octagonal_star, layout_loops_ring,
          hellmonk_ecumenical_altar_defaced_shrine, serial_shops, shop,
          nicolae_shop_just_a_little_nook, serial_bayou, serial_bayou_pond_c,
          serial_bayou_pond_d, serial_bayou_shore_b, serial_bayou_pond_e,
          minmay_tetromino_o4
D:2:      layout_loops_ring, minmay_small_reverse_x, uniq_robin, uniq_jessica

Action                     || total
---------------------------++-------
   Cast: Magic Dart        ||    39
 Armour: Robe              ||     6
  Dodge: Dodged            ||     1

Table legend: (Time is in decaauts)
 A = Elapsed time spent in this place.
 B = Non-inter-level travel time spent in this place.
 C = Inter-level travel time spent in this place.
 D = Time resting spent in this place.
 E = Time spent auto-exploring this place.
 F = Levels seen in this place.
 G = Mean time per level.
                   A        B        C        D        E       F      G
               +--------+--------+--------+--------+--------+-----+--------+
         Total |   1019 |   1002 |     17 |    167 |    760 |   2 |  509.5 |
       Dungeon |   1019 |   1002 |     17 |    167 |    760 |   2 |  509.5 |
               +--------+--------+--------+--------+--------+-----+--------+

Top non-repeatable levels by time:
     D:1: 947 daAuts
     D:2: 71 daAuts
